Description

This build order in really easy to execute and works well on small maps. It his design to give you fast wins and it's hard to counter if you never played against it.

The goal is to do a proxy nexus and use the recall for 3 zealots. When you do the proxy nexus, you start a forge and a cybernetic core to do a mass shield batteries + cannons. Zealots + shield batteries will focus the economy and cannons will finish your opponent. This build can be done in all league.

Few tips :

  • Keep your chronoboost for your economy
  • Send a probe after the first pylon
  • Stop your probe production at 17/23
  • Use your chronoboost to do 3 zealots
  • Build your nexus as close as possible as the opponent Nexus
  • Focus the economy of your opponent

VOD

https://youtu.be/9KNU5wJhUCQ

Replay - Port Aleksander EC (149)

Build Order

Get SALT Encoding   

  12  0:00  Probe  
  13  0:13  Probe  
  14  0:23  Pylon  
  14  0:25  Probe  
  15  0:41  Gateway  
  15  0:44  Probe  
  16  0:56  Probe  
  17  1:20  Nexus  
  17  1:27  Zealot  
  19  1:34  Cybernetics Core  
  19  1:39  Pylon  
  19  1:47  Zealot  
  21  2:05  Zealot  
  21  2:13  Forge  
  23  2:21  Shield Battery x2  
  23  2:27  Shield Battery x2  
  23  2:37  Probe  
  24  2:54  Photon Cannon x2  
  24  3:02  Photon Cannon  
  22  3:14  Photon Cannon  
  20  3:33  Assimilator  
Spawning Tool Build Advisor. Get it on Overwolf

Go to:

Details

  • Created by: zuka      
  • Published on: May 14, 2019
  • Patch: 4.7.1
Show
View Real Time Build Order
Export as new Build Order

Comments (0)

There are no comments. Be the first!

Create an account to comment!